 Dungeon Crawl Stone Soup version 0.17.0-57-g0e89251 (webtiles) character file.

874 DeXoteric the Covert (level 8, -13/38 HPs)
             Began as a Vine Stalker Assassin on Dec 7, 2015.
             Was a Follower of Makhleb.
             Killed from afar by a gargoyle (20 damage)
             ... with a stone arrow
             ... on level 5 of the Dungeon.
             The game lasted 00:10:31 (3306 turns).

DeXoteric the Covert (Vine Stalker Assassin)        Turns: 3306, Time: 00:10:31

Health: -13/38     AC:  4    Str: 15    XL:     8   Next: 4%
Magic:  0/9        EV: 11    Int: 11    God:    Makhleb [*.....]
Gold:   208        SH:  0    Dex: 17    Spells: 0 memorised, 7 levels left

rFire  . . .     SeeInvis .     a - +3 dagger
rCold  . . .     Clarity  .     A - +1 robe {MR+}
rNeg   . . .     SustAt   .     (no shield)
rPois  .         Gourm    .     (no helmet)
rElec  .         Spirit   +     d - +0 cloak
rCorr  .         Warding  .     (no gloves)
rMut   .         Stasis   .     (no boots)
MR     ++...                    (no amulet)
Stlth  ++++......               (no ring)
                                (no ring)

@: marked, very resistant to hostile enchantments, stealthy
A: fangs 3, regeneration 2, magic shield, antimagic bite, no device heal 3, rot
immunity
a: Renounce Religion


You were on level 5 of the Dungeon.
You worshipped Makhleb.
Makhleb was aware of your devotion.
You were not hungry.

You visited 1 branch of the dungeon, and saw 5 of its levels.

You collected 208 gold pieces.

Inventory:

Hand Weapons
 a - a +3 dagger (weapon)
 b - a +0 blowgun
Missiles
 e - 22 poisoned needles
 f - 2 curare-tipped needles
Armour
 d - a +0 cloak (worn)
 A - a +1 robe of magic resistance (worn)
Scrolls
 i - a scroll of blinking {unknown}
 l - 2 scrolls of random uselessness {unknown}
 m - 3 scrolls of remove curse {unknown}
 n - 3 scrolls of immolation {unknown}
 o - 6 scrolls of identify {unknown}
 q - 2 scrolls of amnesia {unknown}
 r - 2 scrolls of teleportation {unknown}
 x - a scroll of fear {unknown}
Potions
 c - a potion of heal wounds {unknown}
 h - 3 potions of lignification {unknown}
 j - a potion of ambrosia {unknown}
 k - 2 potions of curing {unknown}
 p - a potion of resistance {unknown}
 s - a potion of magic {unknown}
 t - 2 potions of poison {unknown}
 u - 2 potions of degeneration {unknown}
 w - 2 potions of cancellation {unknown}
 B - a potion of agility {unknown}
Comestibles
 g - 4 bread rations
 z - 2 meat rations


   Skills:
 - Level 1.7 Fighting
 * Level 6.9 Short Blades
 - Level 1.7 Throwing
 - Level 0.7 Dodging
 + Level 8.1 Stealth


You had 7 spell levels left.
You didn't know any spells.

Dungeon Overview and Level Annotations

Branches:
Dungeon (5/15)
 Temple: D:4-7

Altars:
Makhleb
Nemelex Xobeh
Trog
The Shining One


Innate Abilities, Weirdness & Mutations

You have razor-sharp teeth.
You heal very quickly.
When hurt, damage is shared between your health and your magic reserves.
Your bite disrupts and absorbs the magic of your enemies.
Potions and wands cannot restore your health.
You are immune to rotting.


Message History

You aren't carrying any items that can be evoked.
Drink which item? (? for menu, Esc to quit)
Okay, then.
Read which item? (? for menu, Esc to quit)
Okay, then.
The gargoyle hits you with a mace!
* * * LOW HITPOINT WARNING * * *
You hit the gargoyle.
You bite the gargoyle, but do no damage.
You hit the gargoyle but do no damage.
You bite the gargoyle, but do no damage.
The gargoyle hits you with a mace!
* * * LOW HITPOINT WARNING * * *
You are too injured to fight recklessly!
You are too injured to fight recklessly!
You are too injured to fight recklessly!
The gargoyle hurls a stone arrow at you.
The stone arrow hits you!
Ouch! That really hurt!
You die... #######################.# ................f.9.....# #########################

You could see a gargoyle.

Vanquished Creatures
  Pikel (D:4)
  A phantom (D:4)
  The ghost of Felido the Skirmisher, an amateur NaFi (D:3)
  2 worker ants (D:4)
  An orc wizard (D:4)
  2 shadow imps
  8 adders
  A worm (D:3)
  A giant gecko (D:3)
  5 orcs
  12 bats
  5 giant cockroaches
  4 hobgoblins
  4 jackals (D:3)
  6 kobolds
  A quokka (D:3)
  2 ball pythons
  5 giant newts
  8 goblins
  7 rats
77 creatures vanquished.

Vanquished Creatures (others)
  A scorpion (D:4)
1 creature vanquished.

Grand Total: 78 creatures vanquished

Notes
Turn   | Place    | Note
--------------------------------------------------------------
     0 | D:1      | DeXoteric the Vine Stalker Assassin began the quest for the Orb.
     0 | D:1      | Reached XP level 1. HP: 11/11 MP: 2/2
    95 | D:1      | Reached skill level 5 in Stealth
    95 | D:1      | Reached XP level 2. HP: 15/15 MP: 3/3
   684 | D:2      | Reached XP level 3. HP: 16/18 MP: 4/4
   875 | D:2      | Reached XP level 4. HP: 21/23 MP: 3/5
   901 | D:2      | Found a sparkling altar of Nemelex Xobeh.
  1394 | D:3      | Found a burning altar of Makhleb.
  1401 | D:3      | Became a worshipper of Makhleb the Destroyer
  1681 | D:3      | Noticed Felido's ghost (amateur NaFi)
  1706 | D:3      | Killed Felido's ghost
  1706 | D:3      | Reached skill level 6 in Stealth
  1706 | D:3      | Reached XP level 5. HP: 13/26 MP: 6/6
  2074 | D:4      | Gained mutation: You heal very quickly. [Vine Stalker growth]
  2074 | D:4      | Reached XP level 6. HP: 30/30 MP: 7/7
  2197 | D:4      | Reached skill level 5 in Short Blades
  2257 | D:4      | Noticed a slave
  2257 | D:4      | Noticed a slave
  2259 | D:4      | Noticed Pikel
  2318 | D:4      | Noticed a slave
  2327 | D:4      | Noticed a slave
  2333 | D:4      | HP: 1/30 [Pikel/whip of freezing (4)]
  2412 | D:4      | Killed Pikel
  2412 | D:4      | Reached skill level 7 in Stealth
  2412 | D:4      | Reached XP level 7. HP: 13/34 MP: 3/8
  2562 | D:4      | Found a bloodstained altar of Trog.
  2593 | D:4      | Noticed a phantom
  2627 | D:4      | Reached * piety under Makhleb
  2658 | D:4      | Killed a phantom
  2658 | D:4      | Reached skill level 8 in Stealth
  2658 | D:4      | Gained mutation: You have razor-sharp teeth. [Vine Stalker growth]
  2658 | D:4      | Reached XP level 8. HP: 20/38 MP: 7/9
  2718 | D:4      | Found a glowing golden altar of the Shining One.
  3204 | D:5      | Entered Level 5 of the Dungeon
  3297 | D:5      | Noticed a gargoyle
  3306 | D:5      | Killed from afar by a gargoyle

Action                   |  1- 3 |  4- 6 |  7- 9 || total
-------------------------+-------+-------+-------++-------
Melee: Dagger            |    89 |   102 |    69 ||   260
 Fire: Blowgun           |       |    23 |       ||    23
 Stab: Sleeping          |     8 |     9 |     1 ||    18
       Distracted        |       |     1 |       ||     1
  Eat: Chunk             |       |     4 |     4 ||     8
